 Dungeon Crawl Stone Soup version 0.29.1-15-g9cfb28693d (webtiles) character file.

Game seed: 17117122626478335271

262178 KamiKatze the Severer (level 20, -17/132 HPs)
             Began as a Gargoyle Berserker on Mar 8, 2023.
             Was the Champion of Trog.
             Killed from afar by Jory (26 damage)
             ... with a crystal spear
             ... on level 2 of the Vaults on Mar 9, 2023.
             The game lasted 03:00:24 (42947 turns).

KamiKatze the Severer (Gargoyle Berserker)         Turns: 42947, Time: 03:00:25

Health: -17/132    AC: 46    Str: 31    XL:     20   Next: 39%
Magic:  0/20       EV: 11    Int: 11    God:    Trog [******]
Gold:   2930       SH: 13    Dex: 11    Spells: 19/19 levels left

rFire   + . .      SeeInvis .   a - +0 broad axe (flame)
rCold   . . .      Faith    .   T - +0 kite shield
rNeg    + . .      Spirit   +   z - +3 plate armour
rPois   ∞          Reflect  .   V - +2 helmet
rElec   +          Harm     .   y - +1 cloak
rCorr   .          Rampage  .   P - +0 pair of gloves {hurl}
Will    +++..                   G - +1 pair of boots
Stlth   ..........              L - amulet of guardian spirit
HPRegen 1.32/turn               g - +6 ring of strength
MPRegen 0.17/turn               o - ring of protection from fire

@: strong-willed (expiring), on berserk cooldown, flying, regenerating
(expiring), slowed, studying Maces & Flails, very slow
A: sickness immunity, AC +15, big wings, negative energy resistance 1,
electricity resistance, torment resistance 1, petrification resistance
}: 1/15 runes: serpentine
a: Renounce Religion, Berserk, Trog's Hand, Brothers in Arms


You were on level 2 of the Vaults.
You worshipped Trog.
Trog was exalted by your worship.
You visited 6 branches of the dungeon, and saw 30 of its levels.
You visited the Abyss 1 time.
You also visited: Gauntlet and Volcano.

You collected 4072 gold pieces.
You spent 1142 gold pieces at shops.

Inventory:

Hand Weapons
 a - a +0 broad axe of flaming (weapon)
 p - a +4 antimagic war axe
 q - a +1 great mace of holy wrath
 v - a +1 morningstar of holy wrath
 E - a +2 trident of freezing
 I - a +5 vorpal broad axe
Missiles
 t - a throwing net
 x - 34 poisoned darts (quivered)
Armour
 b - a +0 tower shield
 y - a +1 cloak (worn)
 z - a +3 plate armour (worn)
 G - a +1 pair of boots (worn)
 P - a +0 pair of gloves of hurling (worn)
 T - a +0 kite shield (worn)
 V - a +2 helmet (worn)
Jewellery
 g - a +6 ring of strength (left hand)
 o - a ring of protection from fire (right hand)
 r - an amulet of the acrobat
 u - a ring of resist corrosion
 w - a ring of protection from cold
 A - a +4 ring of protection
 H - a ring of magical power
 L - an amulet of guardian spirit (around neck)
Wands
 m - a wand of mindburst (16)
 s - a wand of flame (7)
 F - a wand of quicksilver (8)
 J - a wand of paralysis (45)
 K - a wand of iceblast (12)
 X - a wand of digging (8)
 Y - a wand of polymorph (4)
Scrolls
 e - a scroll of torment
 f - 5 scrolls of fog
 i - 5 scrolls of poison
 k - a scroll of blinking
 l - 3 scrolls of teleportation
 n - 6 scrolls of fear
 C - 2 scrolls of silence
 N - a scroll of vulnerability
 W - 4 scrolls of magic mapping
Potions
 c - 16 potions of curing
 d - 4 potions of lignification
 h - 6 potions of haste
 j - 2 potions of invisibility
 B - 4 potions of might
 O - 2 potions of heal wounds
 Q - 3 potions of resistance
 Z - 5 potions of attraction
Miscellaneous
 D - a lightning rod (4/4)
 M - a phantom mirror
 U - a condenser vane


   Skills:
 + Level 16.3 Fighting
 + Level 18.7 Axes
 - Level 2.0 Throwing
 + Level 15.6 Armour
 + Level 12.1 Dodging
 + Level 15.5 Shields
 + Level 9.4 Evocations


You had 19 spell levels left.
You didn't know any spells.
Your spell library contained the following spells:

 Spells                   Type           Power      Damage    Failure   Level
 Manifold Assault         Tloc           0%         N/A       100%        5
 Dispersal                Tloc           0%         N/A       100%        6
 Iron Shot                Conj/Erth      0%         9d1       100%        6


Dungeon Overview and Level Annotations

Branches:
Dungeon (15/15)            Temple (1/1) D:7            Lair (5/5) D:9
 Shoals (0/4) Lair:2        Snake (4/4) Lair:3        Slime (0/5) Lair:4
    Orc (2/2) D:12            Elf (0/3) Orc:2        Vaults (3/5) D:13
  Crypt (0/3) Vaults:2     Depths (0/4) D:15        Volcano (visited)
Gauntlet (visited)

Altars:
Ashenzari
Cheibriados
Dithmenos
Elyvilon
Fedhas
Gozag
Hepliaklqana
Kikubaaqudgha
Makhleb
Nemelex Xobeh
Okawaru
Qazlal
Ru
Sif Muna
Trog
Uskayaw
Vehumet
Wu Jian
Xom
Yredelemnul
Zin
The Shining One

Shops:
D:4 :   D:8 *   D:14 !   Orc:2 *:*[

Portals:
Pandemonium: Orc:2

Annotations:
Vaults:2 Jory


Innate Abilities, Weirdness & Mutations

You are immune to sickness and miasma.
Your stone body is resilient. (AC +15)
You are immune to poison.
Your large and strong wings let you fly.
You resist negative energy. (rN+)
You are resistant to electric shocks. (rElec)
You are resistant to unholy torment.
You are immune to petrification.


Message History

You hit Jory. You burn Jory.
Jory is almost destroyed.
Jory hits you but does no damage. You block Jory's attack.
Unknown command.
You hit Jory but do no damage.
Jory is almost destroyed.
Unknown command.
You closely miss Jory.
Jory is almost destroyed.
Jory hits you with a +5 battleaxe of freezing!!
* * * LOW HITPOINT WARNING * * *
Jory freezes you.
* * * LOW HITPOINT WARNING * * *
You block Jory's attack.
You completely miss Jory.
Jory is almost destroyed.
Unknown command.
You barely miss Jory.
Jory is almost destroyed.
Jory hits you but does no damage. Jory closely misses you.
Unknown command.
You hit Jory but do no damage.
Jory is almost destroyed.
Unknown command.
You barely miss Jory.
Jory is almost destroyed.
You feel the effects of Trog's Hand fading.
You block Jory's attack. Jory bites you but does no damage.
Unknown command.
You slash Jory! You burn Jory.
Jory is almost destroyed.
Unknown command.
You barely miss Jory.
Jory is almost destroyed.
You are no longer berserk.
You are exhausted.
You feel yourself slow down. Jory gestures at you while chanting.
The crystal spear hits you!!
You die...

#.....#.......#
#.....#.......#
#.....#.......#
#.....#.......#
#.....#.......#
##########'######''#####
#...........##.....)....
#...........##....#)#...
#......@V...##...##.##..
#...........##..##...##.
#...........##.##.....##
#...........##.#.......#
#...........##.##.....##
#...........##..##...##.
##############...##.##..
#....#.#... #..........


You could see Jory (strong).

Vanquished Creatures
  Vashnia (Snake:4)
  Asterion (Vaults:1)
  A titan (Vaults:2)
  The ghost of destino the Unseen, an adept KoEn of Wu Jian (Snake:4)
  2 sphinxes
  An ancient champion (Vaults:2)
  A tentacled starspawn (Abyss:3)
  Roxanne (D:14)
  7 nagarajas
  An orc warlord (Vaults:2)
  A deep elf sorcerer (Vaults:1)
  The ghost of Icun the Thaumaturge, a journeyman GnWr of Okawaru (Snake:1)
  10 ironbound preservers
  5 vault wardens
  3 ironbound thunderhulks (Vaults:2)
  A stone giant (Vaults:2)
  2 very ugly things (Vaults:2)
  The ghost of Buffaloe the Basher, a journeyman TrGl of Okawaru (Lair:3)
  10 dire elephants
  An entropy weaver (Vaults:1)
  Nessos (Lair:4)
  A minotaur (Gauntlet)
  2 ettins (Vaults:2)
  A crystal guardian (Vaults:2)
  A great orb of eyes (Vaults:1)
  A fire dragon (Lair:5)
  A jiangshi (Vaults:2)
  5 yaktaur captains
  Josephine (D:12)
  8 vault guards
  7 hydras
  3 demonspawn (Orc:2)
  A hell beast (Gauntlet)
  A peacekeeper (Vaults:2)
  3 salamander tyrants (Snake:4)
  2 anacondas (Snake:3)
  A boulder beetle (D:13)
  2 ironbound frosthearts
  2 catoblepae
  3 ogre magi
  13 two-headed ogres
  5 death yaks
  9 naga warriors
  A death knight (Vaults:2)
  9 centaur warriors
  15 naga sharpshooters
  7 orc high priests
  7 shock serpents
  A wretched star (Abyss:3)
  A fire crab (Volcano)
  Lodul (D:13)
  5 salamander mystics
  A sea snake (Snake:2)
  A swamp dragon (Lair:5)
  3 naga ritualists (Snake:4)
  16 ironbound convokers
  38 deep trolls
  5 wizards
  2 deep elf zephyrmancers (D:15)
  8 harpies (Vaults:1)
  13 lindwurms
  4 orc knights (Orc:2)
  A deep elf pyromancer (D:12)
  A wolf spider zombie (D:15)
  3 necromancers
  A wolf spider (Lair:5)
  7 orc sorcerers
  12 salamanders
  2 oklob plants
  24 ugly things
  9 mana vipers
  A sphinx skeleton (Vaults:1)
  3 cyclopes
  3 manticores
  10 vault sentinels
  14 elephants
  A black mamba (shapeshifter) (D:13)
  11 naga magi
  An elf zombie (Vaults:1)
  4 guardian serpents
  35 black mambas
  A guardian serpent (shapeshifter) (D:15)
  2 gargoyles
  15 cane toads
  Maggie (D:9)
  A torpor snail (Lair:5)
  5 rime drakes
  A rime drake (shapeshifter) (D:14)
  11 komodo dragons
  3 unseen horrors
  2 efreet
  A freezing wraith (Vaults:2)
  2 tengu conjurers (D:15)
  An ice devil (Orc:2)
  A queen bee (shapeshifter) (D:13)
  23 yaktaurs
  2 trolls
  A red devil (Orc:2)
  3 polar bears
  A sphinx simulacrum (Vaults:1)
  32 slime creatures
  12 dream sheep
  2 hornets (Lair:5)
  A raiju (Gauntlet)
  10 blink frogs
  A ynoxinul (Orc:2)
  3 shadows (Gauntlet)
  A vampire (D:13)
  6 wraiths
  8 fire bats (Volcano)
  59 yaks
  9 basilisks
  13 wyverns
  A chaos spawn (Orc:2)
  A redback simulacrum (D:15)
  5 steam dragons
  12 redbacks
  16 vampire mosquitoes
  2 swamp worms (D:12)
  48 nagas
  26 water moccasins
  An acid dragon (Lair:5)
  2 hell hounds (Gauntlet)
  4 swamp drakes (Lair:5)
  39 orc warriors
  2 sky beasts
  14 ogres
  A black bear (D:6)
  10 centaurs
  2 phantoms (D:5)
  4 kobold brigands
  7 bullfrogs
  A scorpion (D:5)
  A necrophage (D:5)
  2 gnoll sergeants
  A hornet simulacrum (D:15)
  4 killer bees (D:10)
  4 howler monkeys
  10 electric eels
  4 hounds
  A quasit (Abyss:3)
  2 gnoll boudas
  3 jellies
  31 orc priests
  6 iguanas
  Ijyb (D:5)
  26 orc wizards
  22 gnolls
  9 adders
  A shadow imp (D:7)
  An ufetubus (D:5)
  A worm (D:3)
  2 dart slugs
  81 orcs
  3 endoplasms
  A giant cockroach (D:1)
  7 goblins
  5 hobgoblins
  4 jackals
  22 kobolds
  A quokka (D:5)
  5 ball pythons
  11 bats
  5 frilled lizards
  3 rats
  A starspawn tentacle (Abyss:3)
1120 creatures vanquished.

Vanquished Creatures (collateral kills)
  Aizul (Snake:1)
  A naga (Snake:1)
2 creatures vanquished.

Vanquished Creatures (others)
  An ironbound preserver (Vaults:1)
  An orc (D:8)
  A kobold (D:10)
  3 bushes (Lair:5)
  2 demonic plants (D:1)
  49 fungi
  134 plants
  4 starspawn tentacles (Abyss:3)
  4 withered plants
199 creatures vanquished.

Grand Total: 1321 creatures vanquished

Notes
Turn   | Place    | Note
-------+----------+-------------------------------------------
     0 | D:1      | KamiKatze the Gargoyle Berserker began the quest for the
                  | Orb.
     0 | D:1      | Reached XP level 1. HP: 14/14 MP: 1/1
    36 | D:1      | Found a faded altar of an unknown god.
    36 | D:1      | Noticed a quasit
   223 | D:1      | Reached XP level 2. HP: 19/19 MP: 2/2
   628 | D:2      | Reached XP level 3. HP: 17/23 MP: 3/3
   739 | D:2      | Reached skill level 1 in Evocations
   801 | D:2      | Reached skill level 3 in Axes
   959 | D:2      | Reached ** piety under Trog
  1061 | D:2      | Reached skill level 1 in Throwing
  1347 | D:3      | Reached XP level 4. HP: 26/29 MP: 4/4
  1352 | D:3      | Found a hide-covered altar of Uskayaw.
  1997 | D:3      | Found a hazy altar of Hepliaklqana.
  2109 | D:4      | Reached XP level 5. HP: 27/33 MP: 5/5
  2135 | D:4      | Found a snail-covered altar of Cheibriados.
  2139 | D:4      | Found an iron altar of Okawaru.
  2584 | D:4      | Found Zuzofuic's Book Shoppe.
  3311 | D:4      | Found a glowing golden altar of the Shining One.
  3503 | D:5      | Entered Level 5 of the Dungeon
  3509 | D:5      | Noticed a centaur
  3509 | D:5      | Noticed an ogre
  3519 | D:5      | Killed an ogre
  3520 | D:5      | Reached XP level 6. HP: 39/39 MP: 6/6
  3522 | D:5      | Reached skill level 4 in Axes
  3574 | D:5      | Reached skill level 5 in Fighting
  3763 | D:5      | Noticed Ijyb
  3821 | D:5      | Reached XP level 7. HP: 35/44 MP: 7/7
  3989 | D:5      | Found a bloodstained altar of Trog.
  4009 | D:5      | Noticed a yak
  4039 | D:5      | Killed a yak
  4040 | D:5      | Reached skill level 5 in Axes
  4252 | D:5      | Noticed a yak
  4252 | D:5      | Noticed a yak
  4276 | D:5      | Killed a yak
  4407 | D:5      | Noticed a yak
  4436 | D:5      | Killed a yak
  4437 | D:5      | Reached skill level 6 in Axes
  4437 | D:5      | Reached XP level 8. HP: 36/51 MP: 8/8
  4601 | D:5      | Noticed a yak
  4621 | D:5      | Killed a yak
  4622 | D:5      | Reached skill level 7 in Axes
  4696 | D:5      | Killed a yak
  4893 | D:5      | Killed Ijyb
  5253 | D:5      | Reached skill level 8 in Axes
  5645 | D:6      | Found a glowing silver altar of Zin.
  5810 | D:5      | Reached skill level 9 in Axes
  5810 | D:5      | Reached XP level 9. HP: 50/55 MP: 9/9
  6040 | D:6      | Reached skill level 1 in Shields
  6674 | D:7      | Found a staircase to the Ecumenical Temple.
  6694 | Temple   | Entered the Ecumenical Temple
  7236 | D:7      | Reached skill level 10 in Axes
  7381 | D:7      | Reached *** piety under Trog
  8337 | D:8      | Noticed a two-headed ogre
  8346 | D:8      | Killed a two-headed ogre
  8347 | D:8      | Reached XP level 10. HP: 23/61 MP: 3/10
  8703 | D:8      | Found a sparkling altar of Nemelex Xobeh.
  8881 | D:8      | Found Soudoten's Assorted Antiques.
  8889 | D:8      | Bought a scroll labelled NOH ZUASCHOT for 28 gold pieces
  8889 | D:8      | Bought a smoky cyan potion for 25 gold pieces
  8945 | D:8      | Found an ornate altar of the Wu Jian Council.
  9601 | D:9      | Found a staircase to the Lair.
  9677 | D:9      | Reached skill level 11 in Axes
  9777 | D:9      | Reached skill level 5 in Armour
  9876 | D:9      | Noticed Maggie
  9891 | D:9      | Killed Maggie
  9892 | D:9      | Reached skill level 5 in Shields
 10174 | D:9      | Found a transporter.
 10190 | D:9      | Found a transporter.
 10192 | D:9      | Found a transporter.
 10192 | D:9      | Found a transporter.
 10386 | D:9      | Reached XP level 11. HP: 47/68 MP: 6/11
 10794 | D:10     | Entered Level 10 of the Dungeon
 10883 | D:10     | Noticed a two-headed ogre
 10909 | D:10     | Killed a two-headed ogre
 11794 | D:11     | Reached skill level 12 in Axes
 12097 | D:11     | Found a shadowy altar of Dithmenos.
 12111 | D:11     | Reached **** piety under Trog
 12142 | D:11     | Noticed a cyclops
 12156 | D:11     | Killed a cyclops
 12239 | D:11     | Noticed a two-headed ogre
 12276 | D:11     | Killed a two-headed ogre
 12317 | D:11     | Reached skill level 5 in Dodging
 12584 | D:11     | Identified the +3 leather armour of the Hurling Gods {Harm
                  | Regen+ MP+9 Dex+4}
 12888 | Lair:1   | Entered Level 1 of the Lair of Beasts
 12930 | Lair:1   | Reached XP level 12. HP: 72/75 MP: 7/12
 13590 | Lair:1   | Noticed a four-headed hydra
 13597 | Lair:1   | Killed a one-headed hydra
 13670 | Lair:1   | Noticed a catoblepas
 13684 | Lair:1   | Killed a catoblepas
 13685 | Lair:1   | Reached skill level 13 in Axes
 13819 | Lair:2   | Noticed a death yak
 13819 | Lair:2   | Noticed a death yak
 13819 | Lair:2   | Noticed a death yak
 13832 | Lair:1   | Killed a death yak
 13900 | Lair:1   | Killed a death yak
 13918 | Lair:1   | Killed a death yak
 14174 | Lair:2   | Noticed a five-headed hydra
 14261 | Lair:2   | Killed a one-headed hydra
 14530 | Lair:2   | Reached skill level 10 in Fighting
 14582 | Lair:2   | Found a staircase to the Shoals.
 15045 | Lair:3   | Noticed a seven-headed hydra
 15062 | Lair:3   | Reached XP level 13. HP: 73/82 MP: 13/13
 15188 | Lair:3   | Noticed Buffaloe's ghost (journeyman TrGl)
 15192 | Lair:3   | Found a transporter.
 15192 | Lair:3   | Found a transporter.
 15737 | Lair:3   | Found a staircase to the Snake Pit.
 15833 | Lair:3   | Reached ***** piety under Trog
 16481 | Lair:4   | Reached skill level 14 in Axes
 16972 | Lair:4   | Noticed Nessos
 16975 | Lair:4   | Killed Nessos
 17031 | Lair:4   | Found a staircase to the Slime Pits.
 17720 | Lair:5   | Entered Level 5 of the Lair of Beasts
 17899 | Lair:5   | Found a dark tunnel.
 17913 | Volcano  | Entered a volcano
 18025 | Volcano  | Gained mutation: Your large and strong wings let you fly.
                  | [Gargoyle growth]
 18025 | Volcano  | Reached XP level 14. HP: 58/90 MP: 9/14
 18646 | Lair:5   | Reached skill level 10 in Armour
 19100 | Lair:5   | Reached skill level 10 in Shields
 19107 | Lair:5   | Reached skill level 15 in Axes
 19367 | Lair:5   | Reached ****** piety under Trog
 19616 | Lair:5   | Identified the +2 chain mail "Namoek" {Harm rPois Dex+4}
 19741 | Lair:5   | Identified the +3 leather armour "Gucuyq" {rN+}
 19770 | Lair:5   | Reached skill level 16 in Axes
 19770 | Lair:5   | Reached XP level 15. HP: 96/96 MP: 15/15
 19831 | Lair:5   | Received a gift from Trog
 20140 | Lair:5   | Got Wiafar's Book of Grounded Translocation
 20358 | D:12     | Noticed Josephine
 20380 | D:12     | Killed Josephine
 21117 | D:12     | Found a staircase to the Orcish Mines.
 21389 | Orc:1    | Entered Level 1 of the Orcish Mines
 21726 | Orc:2    | Entered Level 2 of the Orcish Mines
 21749 | Orc:2    | Reached XP level 16. HP: 75/101 MP: 12/16
 21811 | Orc:2    | Found a staircase to the Elven Halls.
 22026 | Orc:1    | Received a gift from Trog
 22907 | Orc:2    | Found Zawk's General Store.
 22910 | Orc:2    | Found Ebleahat's General Store.
 23732 | Orc:2    | Received a gift from Trog
 24134 | Orc:2    | Found Kuric's Book Emporium.
 24134 | Orc:2    | Found Daush's Antique Armour Shoppe.
 24135 | Orc:2    | Found a one-way gate leading to the halls of Pandemonium.
 24342 | D:13     | Found a gate leading to a gauntlet.
 24357 | Gauntlet | Entered a Gauntlet
 24357 | Gauntlet | Found a transporter.
 24357 | Gauntlet | Found a transporter.
 24357 | Gauntlet | Found a transporter.
 24377 | Gauntlet | Found a transporter.
 24391 | Gauntlet | Found a transporter.
 24395 | Gauntlet | Found a transporter.
 24409 | Gauntlet | Found a transporter.
 24426 | Gauntlet | Found a large runed translucent door.
 24427 | Gauntlet | Found a large runed translucent door.
 24428 | Gauntlet | Found a large runed translucent door.
 24428 | Gauntlet | Found a large runed translucent door.
 24429 | Gauntlet | Found a large runed translucent door.
 24429 | Gauntlet | Found a large runed translucent door.
 24429 | Gauntlet | Found a runed translucent gate.
 24429 | Gauntlet | Found a runed translucent door.
 24430 | Gauntlet | Found a large runed translucent door.
 24431 | Gauntlet | Found a large runed translucent door.
 24458 | Gauntlet | Found a transporter.
 24458 | Gauntlet | Found a transporter.
 24489 | Gauntlet | Found a transporter.
 24491 | Gauntlet | Found a transporter.
 24495 | Gauntlet | Found a runed translucent door.
 24496 | Gauntlet | Found a large runed translucent door.
 24496 | Gauntlet | Found a large runed translucent door.
 24496 | Gauntlet | Found a large runed translucent door.
 24497 | Gauntlet | Found a large runed translucent door.
 24498 | Gauntlet | Found a large runed translucent door.
 24499 | Gauntlet | Found a large runed translucent door.
 24500 | Gauntlet | Found a large runed translucent door.
 24500 | Gauntlet | Found a large runed translucent door.
 24503 | Gauntlet | Found a runed translucent gate.
 24503 | Gauntlet | Found a runed translucent gate.
 24505 | Gauntlet | Found a transporter.
 24639 | Gauntlet | Identified the ring "Duocrure" {rPois rF+ Will- rCorr
                  | Dex+6}
 25023 | D:13     | Reached skill level 5 in Evocations
 25242 | D:13     | Paralysed by something for 3 turns
 25247 | D:13     | Reached skill level 17 in Axes
 25567 | D:13     | Found a gate to the Vaults.
 25640 | D:13     | Noticed Lodul
 25702 | D:13     | Killed Lodul
 25927 | D:14     | Found Ynolyuttoh's Distillery.
 25935 | D:14     | Bought a potion of degeneration for 12 gold pieces
 26251 | D:14     | Found an ancient bone altar of Kikubaaqudgha.
 26314 | D:14     | Identified Roxanne's Handbook of Shaping
 26314 | D:14     | Noticed Roxanne
 26713 | D:15     | Entered Level 15 of the Dungeon
 27478 | D:15     | Paralysed by an ogre mage for 2 turns
 27554 | D:14     | Reached XP level 17. HP: 58/108 MP: 12/17
 27785 | D:15     | Identified the +7 quarterstaff of Harmony {speed, Fly rElec
                  | rF+ Int-2}
 28061 | D:15     | Received a gift from Trog
 28093 | D:15     | Found a staircase to the Depths.
 28409 | Lair:3   | Killed Buffaloe's ghost
 28643 | D:14     | Killed Roxanne
 28787 | Orc:2    | Bought a ring of resist corrosion for 360 gold pieces
 28816 | Orc:2    | Bought a fine scale mail for 297 gold pieces
 28816 | Orc:2    | Identified the +4 scale mail of Inquiry {-Tele Rampage
                  | Dex+2 Stlth+} (You bought it in a shop on level 2 of the
                  | Orcish Mines)
 28954 | D:14     | Bought a potion of curing for 36 gold pieces
 28954 | D:14     | Bought a potion of mutation for 96 gold pieces
 28954 | D:14     | Bought a potion of mutation for 96 gold pieces
 28954 | D:14     | Bought 2 potions of mutation for 192 gold pieces
 29147 | Snake:1  | Entered Level 1 of the Snake Pit
 29162 | Snake:1  | Found a runed translucent door.
 29162 | Snake:1  | Noticed Icun's ghost (journeyman GnWr)
 29217 | Snake:1  | Killed Icun's ghost
 29295 | Snake:1  | Noticed Aizul
 29296 | Snake:1  | Found a glowing golden altar of the Shining One.
 29307 | Snake:1  | Killed Aizul
 29497 | Snake:1  | Identified the +7 war axe of Resourcefulness {freeze, Drain
                  | rElec rPois Dex+7}
 31390 | Snake:3  | Reached skill level 18 in Axes
 31562 | Snake:3  | Received a gift from Trog
 32295 | Snake:3  | Found an ancient bone altar of Kikubaaqudgha.
 32497 | Snake:4  | Entered Level 4 of the Snake Pit
 32511 | Snake:4  | Found a runed translucent door.
 32513 | Snake:4  | Noticed destino's ghost (adept KoEn)
 32603 | Snake:4  | Killed destino's ghost
 33440 | Snake:4  | Reached XP level 18. HP: 82/116 MP: 13/18
 33536 | Snake:4  | Reached skill level 10 in Dodging
 33935 | Snake:4  | Received a gift from Trog
 34798 | Snake:4  | Noticed Vashnia
 35593 | Snake:4  | Killed Vashnia
 36348 | Snake:4  | Got a serpentine rune of Zot
 36653 | Vaults:1 | Entered Level 1 of the Vaults
 37741 | Vaults:1 | Received a gift from Trog
 37904 | Vaults:1 | Reached XP level 19. HP: 97/123 MP: 13/19
 37911 | Vaults:1 | Reached skill level 15 in Fighting
 37970 | Vaults:1 | Noticed Asterion
 39230 | Vaults:1 | Killed Asterion
 39283 | Vaults:1 | Received a gift from Trog
 39346 | Vaults:1 | Identified a scroll of acquirement
 40377 | Vaults:2 | Reached skill level 15 in Armour
 40378 | Abyss:3  | Cast into level 3 of the Abyss (a wizard)
 40475 | Vaults:2 | Escaped the Abyss
 40481 | Vaults:2 | Received a gift from Trog
 40549 | Vaults:2 | Reached skill level 15 in Shields
 40921 | Vaults:2 | Reached XP level 20. HP: 131/131 MP: 20/20
 40921 | Vaults:2 | Acquired 382 gold pieces
 41989 | Vaults:2 | Received a gift from Trog
 42026 | Vaults:2 | Found a staircase to the Crypt.
 42914 | Vaults:3 | Noticed Jory
 42941 | Vaults:2 | HP: 9/198 [Jory/+5 battleaxe of freezing (5)]
 42947 | Vaults:2 | Killed from afar by Jory

Illustrated notes

Levels and vault maps discovered:
D:1:      mushboom_english_gardens, layout_loops_ring,
          dreamdust_ecumenical_altar_sealed_demon
D:2:      layout_loops_ring
D:3:      layout_loops_ring, mainiacjoe_overflow_six_doors_small,
          lemuel_crystal_altar
D:4:      wad_pebble_path, layout_layer_cave, minitemple, serial_shops,
          shop_statue, chequers_big_river, kennysheep_nondescript,
          minmay_misc_feat_enclosed, chequers_jeans, nrook_campfire,
          kennysheep_generic_room_7
D:5:      layout_basic, mainiacjoe_overflow_24_doors, grunt_ministairs_4,
          nrook_mini_backslash, reono_crystal_passage, minmay_hedge_maze,
          hangedman_abyss_or_decor_jellyfish_corner, minmay_pentangle, uniq_ijyb
D:6:      layout_loops_ring, zin_academy
D:7:      layout_layer_cave, minmay_temple_entry_sparse_star, serial_bayou,
          serial_bayou_pond_e, serial_bayou_crossing, serial_bayou_ford_a,
          serial_bayou_pond_c, serial_bayou_shore_a
D:8:      layout_rooms, nzn_wu_jian_contemplation, mainiacjoe_overflow_brackets,
          serial_shops, shop
D:9:      layout_loops_cross, david_lair_shrubbed, nicolae_diode_quadrants,
          uniq_maggie
D:10:     layout_loops_ring
D:11:     layout_cave_pools, nicolae_dithmenos_shadow_blocks
D:12:     layout_stronghold, orc_0_dummy, worms_lemuel, uniq_josephine
D:13:     layout_loops_ring, skrybe_vaults_entry_preservation,
          gauntlet_entry_generic, chequers_serial_rivers_small_b, uniq_lodul
D:14:     layout_irregular_city, kiku_gazebo_garden_becter, serial_shops, shop,
          uniq_roxanne
D:15:     grunt_enter_depths_magical_seal, layout_cave_pools, drop_trap
Temple:   cyrus_circular_temple
Lair:1:   layout_long_grid
Lair:2:   layout_chaotic_city, elwin_shoals_entry_rocks, lemuel_fruit_fields,
          grunt_megastairs_5
Lair:3:   layout_layer_cave, guppyfry_snake_entry_garden, nzn_ghost_randoct,
          serial_bayou_shore_b, lemuel_fruit_fields, infiniplex_staircase_pool_2
Lair:4:   layout_cave_pods, slime_entry_1, serial_bayou_lake_a, uniq_nessos
Lair:5:   hangedman_lair_tendril_chambers, layout_cave_pods,
          guppyfry_lair_end_dragon, nicolae_volcano_entry_lava_flow,
          portal_ice_cave_entry_pillars_2, nicolae_quartered_pool_super,
          minmay_lair_oklob_items
Snake:1:  layout_basic, basic_altar, hellmonk_ghost_happy_afterlife,
          nicolae_snake_gridmaze_swirls, uniq_aizul
Snake:2:  layout_rooms, drop_trap, nicolae_snake_serpentine_hallways,
          st_stairs_3, nicolae_snake_bzzzt
Snake:3:  layout_onion_interference, lemuel_oklob_altar
Snake:4:  minmay_snake_end_coiled, layout_gridlike, gammafunk_ghost_grave,
          uniq_vashnia
Orc:1:    layout_caves
Orc:2:    pf_orc_diabolical, layout_caves
Vaults:1: v_misc_12, hangedman_vaults_trim, v_rooms_3, v_rooms_6, v_misc_28,
          v_misc_18, nicolae_vaults_theta, v_alt_pattern_1, layout_vaults_maze,
          uniq_asterion
Vaults:2: nicolae_vaults_ninety_degrees, minmay_crypt_entry_simple_box,
          grunt_vaults_funneled_arena, nicolae_vaults_asterisk, v_misc_15,
          v_pattern_5, vaults_dpeg_ring, v_rooms_4,
          vaults_standard_mumra_enter_the_diamond, v_misc_5,
          layout_vaults_omnicross
Vaults:3: ontoclasm_vaults_chip, hangedman_vaults_cutoff, vaults_dpeg_spiral,
          nicolae_vaults_hallways_thing, grunt_vaults_trifunnel,
          vaults_room_corners, grunt_vaults_hallway_short,
          layout_vaults_omnigrid, uniq_jory, uniq_mennas

Skill      XL: |  1  2  3  4  5  6  7  8  9 10 11 12 13 14 15 16 17 18 19 20 |
---------------+-------------------------------------------------------------+-----
Evocations     | 1 2 3 4 5 7 8 9 |  9.4
Axes           | 3 4 6 9 10 11 12 13 14 16 17 18 | 18.7
Throwing       | 1 2 |  2.0
Fighting       | 4 5 6 7 8 10 11 12 13 14 16 | 16.3
Dodging        | 2 4 5 6 7 8 9 10 11 12 | 12.1
Armour         | 3 4 5 7 8 9 10 11 13 14 15 | 15.6
Shields        | 4 5 6 8 9 10 11 12 14 15 | 15.5

Action                   |  1- 3 |  4- 6 |  7- 9 | 10-12 | 13-15 | 16-18 | 19-21 || total
-------------------------+-------+-------+-------+-------+-------+-------+-------++-------
Melee: Hand axe          |   103 |   141 |   371 |   237 |       |       |       ||   852
       Punch             |     1 |     2 |     3 |       |       |       |       ||     6
       War axe           |       |       |       |   445 |   736 |       |       ||  1181
       Broad axe         |       |       |       |       |   144 |  2096 |   871 ||  3111
Throw: Dart              |       |       |    11 |     7 |       |    25 |     6 ||    49
       Throwing net      |       |       |       |       |       |     1 |       ||     1
Invok: Berserk           |       |     1 |     9 |    13 |     3 |     6 |     4 ||    36
       Trog's Hand       |       |     1 |     2 |     4 |     2 |     6 |    13 ||    28
Evoke: Wand              |       |       |       |       |     3 |     4 |       ||     7
  Use: Scroll            |       |       |       |    13 |    13 |     6 |     9 ||    41
       Potion            |       |       |       |       |     1 |     4 |     6 ||    11
 Stab: Invisible         |       |       |       |       |       |     2 |       ||     2
       Held in net/web   |       |       |       |       |       |     1 |       ||     1
       Distracted        |       |       |       |       |       |       |     2 ||     2
Armor: Animal skin       |    19 |       |       |       |       |       |       ||    19
       Ring mail         |    23 |    29 |   130 |    75 |       |       |       ||   257
       Scale mail        |       |    52 |     1 |       |   270 |   251 |       ||   574
       Swamp dragon scal |       |       |       |   202 |   144 |       |       ||   346
       Plate armour      |       |       |       |       |       |   848 |   660 ||  1508
Dodge: Dodged            |    92 |    92 |   150 |   310 |   430 |   781 |   371 ||  2226
Block: Buckler           |       |       |       |   112 |   216 |   367 |       ||   695
       Kite shield       |       |       |       |       |       |   300 |   532 ||   832
